[Event "Titled Tuesday Blitz June 13 Early 2023"]
[White "Nihal Sarin"]
[Black "Lintchevski, Daniil"]
[WhiteFideId "25092340"]
[BlackFideId "4171055"]
[WhiteElo "2689"]
[BlackElo "2559"]
[Result "1/2-1/2"]
[Round "9"]
[TimeControl "180+2"]
[Date "2023.06.13"]
[WhiteClock "0:00:09"]
[BlackClock "0:00:08"]
[Board "6"]

1. e4 e5 2. Nf3 Nc6 3. Bb5 a6 4. Ba4 Nge7 5. O-O Ng6 6. d4 exd4 7. Nxd4 Nxd4 8. Qxd4 b5 9. Bb3 Bb7 10. c4 c5 11. Qe3 Be7 12. Nc3 b4 13. Nd5 O-O 14. f4 Re8 15. e5 Bf8 16. Kh1 d6 17. Ba4 Re6 18. Qg3 Ne7 19. Bc2 dxe5 20. f5 Rd6 21. Bg5 Bxd5 22. f6 Bc6 23. Bxh7+ Kxh7 24. Qh4+ Kg8 25. fxe7 Qd7 26. exf8=Q+ Rxf8 27. Be3 Rg6 28. Rf2 Rc8 29. Re1 Qg4 30. Qxg4 Rxg4 31. b3 f6 32. h3 Re4 33. Rd2 a5 34. Kg1 a4 35. Kf2 axb3 36. axb3 Be8 37. Red1 Bg6 38. Rd8+ Rxd8 39. Rxd8+ Kh7 40. g3 f5 41. Bxc5 f4 42. Rd2 fxg3+ 43. Kxg3 Bf5 44. Rb2 Kg6 45. Bxb4 Re3+ 46. Kg2 Be4+ 47. Kh2 Bf5 48. Bd6 Rxh3+ 49. Kg2 Re3 50. b4 Be4+ 51. Kf2 Rf3+ 52. Ke2 Kf5 53. b5 Rh3 54. Kd2 Rh2+ 55. Kc3 Rxb2 56. Kxb2 g5 57. Kc3 g4 58. Bc5 g3 59. Be3 g2 60. c5 Ke6 61. Kb4 Kd7 62. Ka5 Kc7 63. Bg1 Bf3 64. Bh2 Kb7 65. Kb4 Be4 66. Kc4 Bf3 67. Kd3 Bd5 68. Kc3 Bf3 69. Kc4 Be2+ 70. Kb4 Bf3 71. Bg1 Kc7 72. Be3 Kb7 73. Kc3 Kc7 74. Kc4 Kb7 75. Bf2 Be2+ 76. Kb4 Bf3 77. Kc3 Kc7 78. Bg1 Kb7 79. Bh2 Be4 80. Kd2 Bf3 81. Ke3 Bd5 82. Kf2 Bc4 83. b6 Bd5 84. Bxe5 Bc6 1/2-1/2


[Site "https://www.chess.com"]

[Event "Titled Tuesday Blitz June 13 Early 2023"]
[White "Paravyan, David"]
[Black "Sjugirov, Sanan"]
[WhiteFideId "4194985"]
[BlackFideId "4189302"]
[WhiteElo "2563"]
[BlackElo "2569"]
[Result "1-0"]
[Round "9"]
[TimeControl "180+2"]
[Date "2023.06.13"]
[WhiteClock "0:00:03"]
[BlackClock "0:00:00"]
[Board "7"]

1. e4 c5 2. Nf3 Nc6 3. Bb5 g6 4. Bxc6 dxc6 5. O-O Bg7 6. d3 Qc7 7. a4 a5 8. h3 h6 9. Na3 g5 10. Nc4 g4 11. Nh4 gxh3 12. g3 Nf6 13. Bf4 Qd8 14. Be5 Rg8 15. Ne3 Bh8 16. Kh1 Be6 17. Qe1 Ng4 18. Bxh8 Rxh8 19. Nef5 Rg8 20. Rd1 Bxf5 21. Nxf5 e6 22. Nh4 Qf6 23. c3 O-O-O 24. Qe2 Ne5 25. Kh2 Ng6 26. Nxg6 Rxg6 27. Qe3 Rg5 28. f4 Rg4 29. Qxc5 Rdg8 30. Rf3 Qg6 31. Rg1 h5 32. f5 Qg5 33. Qf2 h4 34. fxe6 1-0


[Site "https://www.chess.com"]

[Event "Titled Tuesday Blitz June 13 Early 2023"]
[White "Andreikin, Dmitry"]
[Black "Swiercz, Dariusz"]
[WhiteFideId "4158814"]
[BlackFideId "1126881"]
[WhiteElo "2736"]
[BlackElo "2620"]
[Result "1-0"]
[Round "9"]
[TimeControl "180+2"]
[Date "2023.06.13"]
[WhiteClock "0:00:08"]
[BlackClock "0:00:00"]
[Board "8"]

1. d4 d5 2. c4 e6 3. Nf3 Nf6 4. Bg5 Be7 5. e3 O-O 6. Qc2 Nbd7 7. Nc3 h6 8. Bh4 c5 9. Rd1 cxd4 10. Nxd4 Ne5 11. Bg3 Nc6 12. cxd5 Nb4 13. Qb3 Nbxd5 14. Be2 Qa5 15. O-O Nxc3 16. bxc3 Ne4 17. Bf3 Nxg3 18. hxg3 Qc7 19. c4 a6 20. Rb1 Ra7 21. Rfc1 Bd7 22. Qc3 b6 23. Ne2 Rc8 24. Nf4 Be8 25. Nh5 Bf8 26. Qd4 Qc5 27. Rxb6 Rac7 28. Qxc5 Rxc5 29. Rxa6 Bb5 30. Ra7 Bxc4 31. a4 e5 32. g4 Be6 33. Rxc5 Bxc5 34. Rb7 e4 35. Bxe4 Bxg4 36. Nf4 Bd6 37. g3 g5 38. Nd3 Be6 39. a5 Rc4 40. Bf3 Ra4 41. Rb6 Be7 42. a6 Bc4 43. Ne5 Ra1+ 44. Kh2 Bxa6 45. Bd5 Kg7 46. Bxf7 Bf6 47. Ng4 Bc3 48. Nxh6 Be1 49. Rg6+ Kf8 50. Bd5 Bxf2 51. Nf5 1-0


[Site "https://www.chess.com"]

[Event "Titled Tuesday Blitz June 13 Early 2023"]
[White "Duda, Jan-Krzysztof"]
[Black "Terry, Renato"]
[WhiteFideId "1170546"]
[BlackFideId "3803457"]
[WhiteElo "2783"]
[BlackElo "2575"]
[Result "0-1"]
[Round "9"]
[TimeControl "180+2"]
[Date "2023.06.13"]
[WhiteClock "0:00:00"]
[BlackClock "0:00:10"]
[Board "9"]

1. e4 e6 2. d4 d5 3. exd5 exd5 4. Nf3 Nc6 5. Bb5 Bd6 6. c4 dxc4 7. d5 a6 8. Ba4 b5 9. dxc6 bxa4 10. Qxa4 Ne7 11. Nbd2 Rb8 12. Nxc4 Rb4 13. Qc2 Bf5 14. Qc3 O-O 15. O-O Nd5 16. Qd4 Nb6 17. b3 Be6 18. Ba3 Rxc4 19. bxc4 Bxa3 20. Qxd8 Rxd8 21. Rfd1 Rxd1+ 22. Rxd1 Kf8 23. Ng5 Bxc4 24. Nxh7+ Ke7 25. Ng5 f6 26. Nf3 Bc5 27. Nd2 Bxa2 28. Re1+ Kd6 29. Ra1 Bc4 30. Nxc4+ Nxc4 31. Rxa6 Nb6 32. h4 Kxc6 33. h5 Kd7 34. g4 Ke7 35. Kg2 Bd6 36. Ra5 Ke6 37. Kf3 Nc4 38. Ra8 Ne5+ 39. Kf4 Nd3+ 40. Ke3 Ne5 41. f3 Kf7 42. Ke4 Ke6 43. Re8+ Kf7 44. Rc8 Ke6 45. Re8+ Kf7 46. Rb8 Nd7 47. Rb1 Nc5+ 48. Kf5 Ne6 49. Rd1 Ng5 50. f4 Ne6 51. g5 Nxf4 52. g6+ Kf8 53. Rh1 Ne2 54. Kg4 f5+ 55. Kg5 Be7+ 56. Kxf5 Ng3+ 57. Ke6 Nxh1 0-1


[Site "https://www.chess.com"]

[Event "Titled Tuesday Blitz June 13 Early 2023"]
[White "Deac, Bogdan-Daniel"]
[Black "Fedoseev, Vladimir"]
[WhiteFideId "1226380"]
[BlackFideId "24130737"]
[WhiteElo "2644"]
[BlackElo "2743"]
[Result "1-0"]
[Round "9"]
[TimeControl "180+2"]
[Date "2023.06.13"]
[WhiteClock "0:00:04"]
[BlackClock "0:00:03"]
[Board "10"]

1. d4 Nf6 2. c4 e6 3. Nf3 d5 4. g3 h6 5. Bg2 Bb4+ 6. Nc3 O-O 7. O-O Nbd7 8. Qb3 Bxc3 9. Qxc3 b6 10. cxd5 Nxd5 11. Qc6 Ba6 12. Re1 Qc8 13. Bd2 Bb7 14. Qc4 N5f6 15. Rac1 c5 16. dxc5 Nxc5 17. Qh4 Nfe4 18. Bxh6 gxh6 19. b4 Qd8 20. Qg4+ Kh7 21. bxc5 Nxc5 22. Qf4 Qe7 23. Qe3 Rad8 24. Rc4 f5 25. Rh4 Rf6 26. Ne5 Bxg2 27. Kxg2 Qb7+ 28. f3 Qd5 29. Nf7 Qd2 30. Qxd2 Rxd2 31. Ne5 f4 32. gxf4 Rxa2 33. Kf2 Rd2 34. Rg1 Rd8 35. Rhg4 Kh8 36. Rg7 Rdf8 37. Rxa7 Rg8 38. Nf7+ Rxf7 39. Rxf7 Rxg1 40. Kxg1 b5 41. Rc7 Na4 42. Rb7 Nc3 43. Kf2 Kg8 44. e4 Kf8 45. Ke3 Ke8 46. Kd4 Ne2+ 47. Ke5 1-0


[Site "https://www.chess.com"]

[Event "Titled Tuesday Blitz June 13 Early 2023"]
[White "Bacrot, Etienne"]
[Black "Sadhwani, Raunak"]
[WhiteFideId "605506"]
[BlackFideId "35093487"]
[WhiteElo "2672"]
[BlackElo "2631"]
[Result "0-1"]
[Round "9"]
[TimeControl "180+2"]
[Date "2023.06.13"]
[WhiteClock "0:00:00"]
[BlackClock "0:00:03"]
[Board "11"]

1. e4 g6 2. Nf3 Bg7 3. d4 d6 4. Bd3 Nf6 5. c3 O-O 6. h3 Nc6 7. O-O e5 8. Re1 Nh5 9. Bg5 Qe8 10. Na3 a6 11. Nc2 h6 12. Be3 Qe7 13. Qd2 Kh7 14. Rad1 Qf6 15. Nh2 Qh4 16. Nf3 Qf6 17. Nh2 Qh4 18. Nf3 Qe7 19. b4 Bd7 20. dxe5 Nxe5 21. Nxe5 Qxe5 22. Bd4 Qg5 23. Qxg5 hxg5 24. Bxg7 Kxg7 25. e5 d5 26. Bf1 Ba4 27. Rd2 Bxc2 28. Rxc2 Nf4 29. g3 Ne6 30. a4 a5 31. Bg2 c6 32. b5 Nc5 33. bxc6 bxc6 34. c4 d4 35. Bxc6 Rab8 36. Bb5 Rfd8 37. Rd2 d3 38. Re3 Rd4 39. Kg2 Rbd8 40. f3 Kf8 41. Kf2 Ke7 42. Rd1 Ke6 43. Rd2 Rh8 44. Kg2 Ke7 45. Rd1 Ke6 46. Rd2 Kf5 47. Bc6 Rhd8 48. Bd5 R8xd5 49. cxd5 Rxd5 50. Kf2 Rd4 51. e6 fxe6 52. Re1 Rxa4 53. Ke3 Rc4 54. Rb1 a4 55. Rb5 Kf6 56. Ra2 Rc1 57. Ra5 Re1+ 58. Kf2 Rc1 59. Ra8 Rc2+ 0-1


[Site "https://www.chess.com"]

[Event "Titled Tuesday Blitz June 13 Early 2023"]
[White "Madaminov, Mukhiddin"]
[Black "Timofeev, Artyom"]
[WhiteFideId "14210703"]
[BlackFideId "4140419"]
[WhiteElo "2511"]
[BlackElo "2570"]
[Result "1-0"]
[Round "9"]
[TimeControl "180+2"]
[Date "2023.06.13"]
[WhiteClock "0:00:11"]
[BlackClock "0:00:00"]
[Board "12"]

1. d4 d5 2. Nc3 Nf6 3. Bf4 a6 4. e3 e6 5. g4 h6 6. h3 c5 7. Nf3 Nc6 8. Bg2 Bd6 9. Ne2 O-O 10. O-O b5 11. c3 Bb7 12. Rc1 Qe7 13. dxc5 Bxc5 14. Ned4 Nd7 15. Bg3 Rac8 16. Bh4 Qd6 17. Bg3 Qe7 18. Bh4 Qd6 19. Qd2 Nb6 20. Rfd1 Nc4 21. Qe2 Qc7 22. Bg3 Qe7 23. Bh4 Qc7 24. b3 Nd6 25. Bg3 Qe7 26. Bh4 Qc7 27. g5 Ne4 28. gxh6 gxh6 29. Nxc6 Bxc6 30. Nd4 Kh7 31. Nxc6 Qxc6 32. c4 Rg8 33. Qf3 dxc4 34. Kh1 f5 35. bxc4 b4 36. Rd3 Rg7 37. Bf6 Rg6 38. Be5 Rcg8 39. Rg1 Qe8 40. Rdd1 Be7 41. Qf4 Bg5 42. Qf3 Bh4 43. Rdf1 Nd2 44. Qb7+ Qe7 45. Qxe7+ Bxe7 46. Rc1 Ne4 47. Bxe4 Rxg1+ 48. Rxg1 Rxg1+ 49. Kxg1 fxe4 50. Bd4 Kg6 51. Bb6 Kf7 52. c5 Ke8 53. c6 Bd6 54. Ba5 Ke7 55. Kg2 Bc5 56. Bc7 Bd6 57. Bb6 e5 58. f3 exf3+ 59. Kxf3 Ke6 60. Ke4 Be7 61. Bc7 Bd6 62. Ba5 Be7 63. c7 Kd7 64. Kxe5 Bc5 65. e4 Bd6+ 66. Kd5 Bxc7 67. Bxb4 Ke8 68. Ke6 Bf4 69. Kf5 Bc1 70. Kg6 Be3 71. h4 Bf4 72. h5 Be3 73. Bc3 Kd7 74. Bg7 Ke6 75. Bxh6 1-0


[Site "https://www.chess.com"]

[Event "Titled Tuesday Blitz June 13 Early 2023"]
[White "Horvath, Dominik"]
[Black "Zhigalko, Sergei"]
[WhiteFideId "1642561"]
[BlackFideId "13502956"]
[WhiteElo "2407"]
[BlackElo "2626"]
[Result "1-0"]
[Round "9"]
[TimeControl "180+2"]
[Date "2023.06.13"]
[WhiteClock "0:01:10"]
[BlackClock "0:00:02"]
[Board "13"]

1. e4 c5 2. Nf3 Nc6 3. Bc4 Nf6 4. O-O Nxe4 5. Re1 d5 6. Bb5 e6 7. c4 Be7 8. cxd5 exd5 9. d3 Nf6 10. Ne5 Bd7 11. Bxc6 Bxc6 12. Nxc6 bxc6 13. Qa4 Qd7 14. Nd2 O-O 15. Nf3 Bd6 16. Bg5 Ne8 17. d4 c4 18. b3 cxb3 19. axb3 Nc7 20. Rac1 Nb5 21. Ne5 Bxe5 22. dxe5 d4 23. Qc4 Rac8 24. e6 fxe6 25. Rxe6 Kh8 26. h3 h6 27. Bxh6 gxh6 28. Rxh6+ Kg7 29. Rh4 Rf6 30. Qc5 Qf5 31. Qe7+ Rf7 32. Rg4+ Qxg4 33. Qe5+ Kg6 34. hxg4 Rd8 35. Qh5+ Kg7 36. Qg5+ Kh7 37. Qxd8 Nc3 38. Kf1 Ne4 39. f3 Nd2+ 40. Kg1 Nxb3 41. Rxc6 d3 42. Qh4+ Kg7 43. Qh6+ Kg8 44. Rc8+ Rf8 45. Rxf8# 1-0


[Site "https://www.chess.com"]

[Event "Titled Tuesday Blitz June 13 Early 2023"]
[White "Ilamparthi A R"]
[Black "Matlakov, Maxim"]
[WhiteFideId "45015775"]
[BlackFideId "4168003"]
[WhiteElo "2348"]
[BlackElo "2666"]
[Result "0-1"]
[Round "9"]
[TimeControl "180+2"]
[Date "2023.06.13"]
[WhiteClock "0:00:06"]
[BlackClock "0:00:04"]
[Board "14"]

1. e4 e5 2. Nf3 Nc6 3. d3 Bc5 4. Nxe5 Nxe5 5. d4 Bd6 6. dxe5 Bxe5 7. f4 Bd6 8. Bd3 Bc5 9. Qg4 Nf6 10. Qxg7 Rg8 11. Qh6 d6 12. e5 dxe5 13. fxe5 Qd4 14. Qxf6 Rxg2 15. Bg5 Bg4 16. Rf1 Bh5 17. Qh8+ Kd7 18. Bf5+ Kc6 19. Qf6+ Bd6 20. Nc3 Re8 21. Be4+ Kd7 22. Qf5+ Re6 23. Bxg2 Bxe5 24. Bd5 Bg3# 0-1


[Site "https://www.chess.com"]

[Event "Titled Tuesday Blitz June 13 Early 2023"]
[White "Babazada, Khazar"]
[Black "Stribuk, Artiom"]
[WhiteFideId "13413554"]
[BlackFideId "13515659"]
[WhiteElo "2369"]
[BlackElo "2303"]
[Result "1-0"]
[Round "9"]
[TimeControl "180+2"]
[Date "2023.06.13"]
[WhiteClock "0:00:17"]
[BlackClock "0:00:02"]
[Board "15"]

1. e4 c5 2. Nf3 d6 3. d4 cxd4 4. Nxd4 Nf6 5. Nc3 Nc6 6. Bg5 e6 7. Qd2 a6 8. O-O-O Bd7 9. f4 Be7 10. Nf3 b5 11. e5 b4 12. exf6 bxc3 13. Qxc3 gxf6 14. Kb1 Rg8 15. Bh4 a5 16. Bb5 Rc8 17. Qd3 f5 18. Bxe7 Nxe7 19. Ne5 Bxb5 20. Qxb5+ Kf8 21. Nd7+ Kg7 22. Rxd6 Qc7 23. Qe5+ Kh6 24. Rd2 Ng6 25. Qf6 Qxf4 26. Rd3 Kh5 27. Rh3+ Kg4 28. Rd1 Rc4 29. Qxf7 Qf2 30. Nf6+ Kf4 31. Rf3+ Qxf3 32. gxf3 Rgc8 33. Qxe6 Rxc2 34. Nd5+ Kxf3 35. Qe3+ Kg2 36. Qg3# 1-0


[Site "https://www.chess.com"]

[Event "Titled Tuesday Blitz June 13 Early 2023"]
[White "Gadimbayli, Abdulla"]
[Black "Tari, Aryan"]
[WhiteFideId "13404938"]
[BlackFideId "1510045"]
[WhiteElo "2386"]
[BlackElo "2586"]
[Result "1-0"]
[Round "9"]
[TimeControl "180+2"]
[Date "2023.06.13"]
[WhiteClock "0:00:05"]
[BlackClock "0:00:03"]
[Board "16"]

1. e4 e5 2. Nf3 Nc6 3. Nc3 Nf6 4. d4 exd4 5. Nxd4 Bb4 6. Nxc6 bxc6 7. Bd3 d5 8. exd5 O-O 9. O-O cxd5 10. Bg5 Be7 11. Bxf6 Bxf6 12. Nxd5 Bxb2 13. Rb1 Ba3 14. Qf3 Kh8 15. Nf4 Bd7 16. Be4 Bd6 17. Bxa8 Qxa8 18. Qxa8 Rxa8 19. Nd3 Be6 20. a4 h5 21. Rfe1 Kh7 22. a5 a6 23. Ne5 Bc5 24. Nf3 Kg6 25. Rbd1 Rb8 26. h4 Rb4 27. Re5 Bd6 28. Rg5+ Kh6 29. Nd4 Bg4 30. Nf5+ Bxf5 31. Rxf5 f6 32. g3 Rc4 33. Rdd5 Be5 34. Rd2 Ra4 35. Kg2 Rxa5 36. Rf3 Ra2 37. Rfd3 a5 38. f4 Bd6 39. Rd5 a4 40. c4 Ra1 41. c5 Bf8 42. Rd7 Bxc5 43. Rxc7 Bb4 44. Rd8 Kg6 45. Rg8 a3 46. Rgxg7+ Kf5 47. Rb7 Rb1 48. Ra7 Rb2+ 49. Kh3 a2 50. Rgb7 Rb3 51. Rxa2 Ke4 52. Ra4 Kf3 53. Rbxb4 Re3 54. Rb1 Kf2 55. Ra2+ Kf3 56. Rab2 Rd3 57. Rb3 Kf2 58. Rxd3 1-0


[Site "https://www.chess.com"]

[Event "Titled Tuesday Blitz June 13 Early 2023"]
[White "Priasmoro, Novendra"]
[Black "Bharath Subramaniyam H"]
[WhiteFideId "7105029"]
[BlackFideId "46634827"]
[WhiteElo "2412"]
[BlackElo "2400"]
[Result "0-1"]
[Round "9"]
[TimeControl "180+2"]
[Date "2023.06.13"]
[WhiteClock "0:00:00"]
[BlackClock "0:00:06"]
[Board "17"]

1. e4 c5 2. Nf3 Nf6 3. e5 Nd5 4. c3 d6 5. Bb5+ Nc6 6. O-O Bd7 7. d4 cxd4 8. exd6 exd6 9. Nxd4 Be7 10. Nf3 Nc7 11. Bd3 O-O 12. h3 d5 13. Be3 Bf6 14. Nbd2 Re8 15. Nb3 b6 16. Re1 Ne6 17. Ba6 Rb8 18. Qxd5 Nc7 19. Qd3 b5 20. Nc5 Be6 21. Qxd8 Rbxd8 22. Bb7 Na5 23. Bf4 Re7 24. Be4 Nc4 25. Rab1 Nd5 26. Bg5 Bxg5 27. Nxg5 Nf6 28. Ngxe6 fxe6 29. Bd3 Rd5 30. b4 e5 31. a4 a6 32. Bxc4 bxc4 33. Nxa6 Rd3 34. Rbc1 Nd5 35. b5 Rxc3 36. a5 Rb7 37. b6 Ra3 38. Nc5 Rb8 39. Ra1 Rxa1 40. Rxa1 c3 41. Nd7 Rd8 42. b7 c2 43. b8=Q Rxb8 44. Nxb8 Nc3 45. Rc1 Ne2+ 46. Kf1 Nxc1 47. a6 Nb3 48. a7 c1=Q+ 0-1


[Site "https://www.chess.com"]

[Event "Titled Tuesday Blitz June 13 Early 2023"]
[White "Nazari, Arad"]
[Black "Ahmadzada, Ahmad"]
[WhiteFideId "12577324"]
[BlackFideId "13413007"]
[WhiteElo "2175"]
[BlackElo "2388"]
[Result "1-0"]
[Round "9"]
[TimeControl "180+2"]
[Date "2023.06.13"]
[WhiteClock "0:00:12"]
[BlackClock "0:00:00"]
[Board "18"]

1. e4 c5 2. Nf3 e6 3. d4 cxd4 4. Nxd4 Nf6 5. Nc3 d6 6. g4 a6 7. g5 Nfd7 8. Be3 b5 9. a3 Bb7 10. h4 Nc6 11. f4 Rc8 12. Qd2 Be7 13. h5 Nxd4 14. Bxd4 e5 15. Be3 exf4 16. Bxf4 Ne5 17. O-O-O O-O 18. Be2 Qc7 19. Kb1 Nc4 20. Bxc4 Qxc4 21. g6 Bf6 22. Nd5 Bxd5 23. exd5 Rfe8 24. Rh2 Re4 25. gxf7+ Kxf7 26. Rf2 Rd4 27. Qc1 Kg8 28. h6 b4 29. Rxd4 Qxd4 30. Be3 Qxd5 31. axb4 Re8 32. hxg7 Bxg7 33. Rf1 Qe4 34. Bh6 Re7 35. Rg1 Kh8 36. Qg5 Qd4 37. c3 Qe5 38. Qh4 1-0


[Site "https://www.chess.com"]

[Event "Titled Tuesday Blitz June 13 Early 2023"]
[White "Galchenko, Matvey"]
[Black "Djordjevic, Vuk"]
[WhiteFideId "24175480"]
[BlackFideId "902098"]
[WhiteElo "2423"]
[BlackElo "2463"]
[Result "1-0"]
[Round "9"]
[TimeControl "180+2"]
[Date "2023.06.13"]
[WhiteClock "0:00:05"]
[BlackClock "0:00:00"]
[Board "19"]

1. d4 Nf6 2. c4 e6 3. Nc3 Bb4 4. f3 d5 5. a3 Be7 6. e4 O-O 7. cxd5 exd5 8. e5 Ne8 9. f4 g6 10. Nf3 Ng7 11. Be3 Bf5 12. Qb3 Nd7 13. Nxd5 Nb6 14. Nxe7+ Qxe7 15. Be2 Rfd8 16. O-O Nd5 17. Bd2 Ne6 18. Bc4 Ndxf4 19. Bb4 Qd7 20. Rad1 Nd5 21. Be1 b5 22. Bxb5 Rab8 23. Bxd7 Rxb3 24. Bxe6 fxe6 25. Rd2 Ne3 26. Rff2 Nc4 27. Rde2 Bd3 28. Bc3 Bxe2 29. Rxe2 Rf8 30. Ng5 Rb6 31. Bb4 Rd8 32. Bc5 Rxb2 33. Rxb2 Nxb2 34. Nxe6 Rd7 35. Bxa7 Nc4 36. a4 Re7 37. Nf4 c6 38. Bc5 Rb7 39. h4 Kf7 40. e6+ Kf6 41. e7 Rb8 42. Nh3 h6 43. Nf4 g5 44. hxg5+ hxg5 45. Nd3 Ke6 46. Nb4 Kd7 47. Nd3 Ra8 48. Nf2 Rxa4 49. Ne4 Ra8 50. Nf6+ Ke6 51. e8=Q+ Rxe8 52. Nxe8 Nd2 53. Ng7+ Kd5 54. Nf5 Nb3 55. Ne7+ Ke4 56. Nxc6 Nc1 57. Ne7 Ne2+ 58. Kf2 Nc1 59. Ba7 Nd3+ 60. Kf1 Nf4 61. d5 Nh5 62. d6 Ng3+ 63. Kf2 Kf4 64. Be3+ 1-0


[Site "https://www.chess.com"]

[Event "Titled Tuesday Blitz June 13 Early 2023"]
[White "Arutinian, David"]
[Black "Ashraf, Artin"]
[WhiteFideId "13601741"]
[BlackFideId "22514805"]
[WhiteElo "2525"]
[BlackElo "2224"]
[Result "1-0"]
[Round "9"]
[TimeControl "180+2"]
[Date "2023.06.13"]
[WhiteClock "0:01:20"]
[BlackClock "0:00:00"]
[Board "20"]

1. Nf3 c5 2. c4 Nc6 3. Nc3 g6 4. e3 Nf6 5. d4 cxd4 6. exd4 d5 7. cxd5 Nxd5 8. Qb3 Nxc3 9. Bc4 e6 10. bxc3 a6 11. Bd3 Bg7 12. Ba3 Ne7 13. O-O O-O 14. Rad1 b5 15. Be4 Ra7 16. Ne5 Bb7 17. Bc5 Bxe4 18. Bxa7 Qc7 19. Bc5 Bxe5 20. Bxe7 Bxh2+ 21. Kh1 Qf4 22. Rfe1 Bd5 23. c4 Qh6 24. cxd5 Bg3+ 25. Kg1 Qh2+ 26. Kf1 1-0


[Site "https://www.chess.com"]

[Event "Titled Tuesday Blitz June 13 Early 2023"]
[White "Haug, Havard"]
[Black "Xu, Yi"]
[WhiteFideId "1547887"]
[BlackFideId "8605564"]
[WhiteElo "2396"]
[BlackElo "2460"]
[Result "1/2-1/2"]
[Round "9"]
[TimeControl "180+2"]
[Date "2023.06.13"]
[WhiteClock "0:00:04"]
[BlackClock "0:00:04"]
[Board "21"]

1. e4 c5 2. c3 Nf6 3. e5 Nd5 4. Nf3 Nc6 5. Bc4 Nb6 6. Bb3 d5 7. exd6 Qxd6 8. d4 cxd4 9. cxd4 Be6 10. Nc3 Bxb3 11. Qxb3 e6 12. O-O Be7 13. Rd1 O-O 14. d5 exd5 15. Nxd5 Nxd5 16. Qxd5 Qxd5 17. Rxd5 Rad8 18. Rxd8 Rxd8 19. Be3 Bf6 20. Rb1 a5 21. Kf1 h5 22. Ke2 Nb4 23. a3 Nd5 24. Bd2 b6 25. b3 Kf8 26. a4 Ke7 27. Rc1 Re8 28. Kd3 Kd6 29. Be3 Nxe3 30. fxe3 Kd7 31. h3 Be7 32. e4 Bc5 33. Rh1 Ke6 34. g4 Rd8+ 35. Ke2 f6 36. Rh2 Rh8 37. g5 f5 38. Nd2 Rd8 39. Rg2 Ke5 40. exf5 Kxf5 41. Nc4 g6 42. Nd2 Rd4 43. Rg3 Rd8 44. Nf1 Kf4 45. Rf3+ Kxg5 46. Ng3 Rd4 47. Kf1 Rf4 48. Kg2 Rxf3 49. Kxf3 Kf6 50. Ke4 Bd6 51. Ne2 Kg5 52. Kf3 Kh4 53. Kg2 Bc5 54. Ng3 Kg5 55. Kf3 Kf6 56. Ke4 Ke6 57. Ne2 g5 58. Ng3 h4 59. Nf1 Kd6 60. Nd2 Bf2 61. Nf3 Bg3 62. Nxg5 Kc5 63. Kd3 Kb4 64. Kc2 b5 65. axb5 Kxb5 66. Ne4 a4 67. Nc3+ Kb4 68. Nxa4 Bf4 69. Nb2 Bg3 70. Nd3+ Kb5 71. Kc3 Bd6 72. b4 Bg3 73. Kb3 Bd6 74. Kc3 Be7 75. Kb3 Bd6 76. Kc3 1/2-1/2


[Site "https://www.chess.com"]

[Event "Titled Tuesday Blitz June 13 Early 2023"]
[White "Le, Tuan Minh"]
[Black "Starozhilov, Leonid"]
[WhiteFideId "12401153"]
[BlackFideId "14106752"]
[WhiteElo "2566"]
[BlackElo "2352"]
[Result "1-0"]
[Round "9"]
[TimeControl "180+2"]
[Date "2023.06.13"]
[WhiteClock "0:02:03"]
[BlackClock "0:00:00"]
[Board "22"]

1. d4 Nf6 2. Nf3 g6 3. Bg5 Ne4 4. Bf4 d6 5. Nbd2 Nxd2 6. Qxd2 Nc6 7. O-O-O Bg7 8. Bh6 Bf6 9. h3 Bf5 10. g4 Be4 11. d5 Nb8 12. Qb4 Bxf3 13. exf3 c5 14. Qxb7 Nd7 15. Bb5 Rc8 16. c3 Rc7 17. Qa6 1-0


[Site "https://www.chess.com"]

[Event "Titled Tuesday Blitz June 13 Early 2023"]
[White "Matinian, Nikita"]
[Black "Sarana, Alexey"]
[WhiteFideId "24129100"]
[BlackFideId "24133795"]
[WhiteElo "2422"]
[BlackElo "2714"]
[Result "0-1"]
[Round "9"]
[TimeControl "180+2"]
[Date "2023.06.13"]
[WhiteClock "0:00:02"]
[BlackClock "0:00:04"]
[Board "23"]

1. e4 e5 2. Nf3 Nc6 3. Nc3 Nf6 4. d4 Bb4 5. d5 Ne7 6. Nxe5 d6 7. Bb5+ Kf8 8. Nd3 Bxc3+ 9. bxc3 Nxe4 10. Qf3 Nf6 11. c4 Bg4 12. Qf4 a6 13. Ba4 b5 14. Bb3 Qd7 15. Bb2 bxc4 16. Bxc4 Nexd5 17. Qd4 Re8+ 18. Kd2 Re4 19. Qxd5 Nxd5 20. Bxd5 Re2+ 21. Kc1 Qb5 22. Rd1 Qxd5 0-1


[Site "https://www.chess.com"]

[Event "Titled Tuesday Blitz June 13 Early 2023"]
[White "Rakotomaharo, Fy Antenaina"]
[Black "Elsa167"]
[WhiteFideId "13100050"]
[WhiteElo "2427"]
[BlackElo "2902"]
[Result "0-1"]
[Round "9"]
[TimeControl "180+2"]
[Date "2023.06.13"]
[WhiteClock "0:00:01"]
[BlackClock "0:00:03"]
[Board "24"]

1. e4 e6 2. d4 d5 3. e5 c5 4. c3 Nc6 5. Nf3 Qb6 6. a3 c4 7. Ng5 h6 8. Nh3 Na5 9. Nd2 Bd7 10. Nf4 O-O-O 11. h4 Kb8 12. Be2 Ka8 13. g3 Ne7 14. Kf1 Nc8 15. Kg2 Qc7 16. Qe1 Ba4 17. Bd1 Qc6 18. Bxa4 Qxa4 19. Qd1 Nb6 20. Rb1 Qxd1 21. Rxd1 Na4 22. Nh5 Rc8 23. g4 Rc6 24. f4 Be7 25. Kh3 g6 26. Ng3 Rb6 27. f5 a6 28. Rf1 Re8 29. fxg6 fxg6 30. Rf7 g5 31. Nh5 Bd8 32. Nf6 Rh8 33. Nd7 Rb5 34. Nf8 Rb6 35. h5 Nb3 36. Nxb3 Rxb3 37. Nxe6 Nxc3 38. Ra1 Ne2+ 39. Kg2 Bb6 40. Nc7+ Bxc7 41. Rxc7 Nxd4 42. Rf7 Re8 43. Rf6 Rxe5 44. Rxh6 Re2+ 45. Kf1 Rf3+ 46. Kg1 Rff2 47. Rh8+ Ka7 48. Be3 Rg2+ 49. Kf1 Rxe3 50. Kxg2 Re2+ 51. Kf1 Rh2 52. h6 Nf3 53. h7 Nd2+ 54. Kg1 Nf3+ 55. Kf1 Nd2+ 56. Ke1 d4 57. Rg8 Nf3+ 58. Kf1 Rxh7 59. Kf2 Ne5 60. Rxg5 Nd3+ 61. Kg3 Re7 62. Rf1 Nxb2 63. Rf4 d3 64. Rc5 d2 65. Rf1 Re1 0-1


[Site "https://www.chess.com"]

[Event "Titled Tuesday Blitz June 13 Early 2023"]
[White "Quintiliano Pinto, Renato R."]
[Black "Gorovets, Andrey"]
[WhiteFideId "2117568"]
[BlackFideId "13504037"]
[WhiteElo "2459"]
[BlackElo "2459"]
[Result "0-1"]
[Round "9"]
[TimeControl "180+2"]
[Date "2023.06.13"]
[WhiteClock "0:00:00"]
[BlackClock "0:00:25"]
[Board "25"]

1. d4 Nf6 2. Nf3 e6 3. c4 b6 4. a3 Bb7 5. Nc3 g6 6. Qc2 d5 7. Bg5 Bg7 8. e3 O-O 9. cxd5 exd5 10. Rd1 a6 11. Be2 Nbd7 12. O-O Qe7 13. b4 Rfc8 14. Qb3 Qe6 15. Bxf6 Nxf6 16. Ne5 Rab8 17. Nd3 Bh6 18. Bf3 Rd8 19. a4 Rd6 20. b5 a5 21. Rfe1 Ne4 22. Bxe4 dxe4 23. Qxe6 Rxe6 24. Ne5 Rd8 25. Nc4 Bf8 26. Rc1 Bb4 27. Red1 f6 28. Na2 Be7 29. Nc3 Bf8 30. Rc2 Rd7 31. Rdc1 Kf7 32. h3 h5 33. Re2 h4 34. Rec2 g5 35. Nd2 Ba3 36. Ra1 Be7 37. Rac1 Bd8 38. Ne2 Bd5 39. Nc3 Bb7 40. Ne2 Ke8 41. g3 hxg3 42. Nxg3 Rh7 43. Kg2 Kf7 44. Rh1 Kg6 45. Nc4 Be7 46. Rhc1 Bb4 47. Nd2 Ba3 48. Ra1 Bd6 49. Nc4 f5 50. Nxd6 cxd6 51. Rac1 f4 52. Nf1 Bd5 53. Rc7 Ree7 54. Rxe7 Rxe7 55. Nd2 Kf5 56. Rc8 Rh7 57. Rd8 Ke6 58. Re8+ Kf7 59. Rb8 f3+ 60. Kg3 Kg6 61. Rxb6 Be6 62. h4 Rxh4 0-1


[Site "https://www.chess.com"]

[Event "Titled Tuesday Blitz June 13 Early 2023"]
[White "gau_npukyputb"]
[Black "Chigaev, Maksim"]
[BlackFideId "4108116"]
[WhiteElo "2725"]
[BlackElo "2561"]
[Result "0-1"]
[Round "9"]
[TimeControl "180+2"]
[Date "2023.06.13"]
[WhiteClock "0:00:00"]
[BlackClock "0:00:02"]
[Board "26"]

1. f4 d5 2. d3 Nf6 3. Nf3 g6 4. Nc3 d4 5. Ne4 Bg7 6. e3 Nc6 7. exd4 Nxd4 8. c3 Nxf3+ 9. Qxf3 O-O 10. Be2 Re8 11. O-O Bd7 12. Nxf6+ exf6 13. Qf2 Bc6 14. f5 Qd5 15. fxg6 hxg6 16. Rd1 f5 17. Bf3 Qd7 18. Bxc6 Qxc6 19. Bg5 b5 20. Re1 a5 21. Rxe8+ Rxe8 22. Re1 Re6 23. Rxe6 Qxe6 24. a3 b4 25. axb4 axb4 26. d4 Qa2 27. Qd2 Qb1+ 28. Kf2 b3 29. Be3 c6 30. c4 Qc2 31. Qxc2 bxc2 32. Ke2 Bxd4 33. Bc1 g5 34. Kd3 Be5 35. Kxc2 f4 36. h3 Kg7 37. b4 Kg6 38. Kd3 f5 39. Bd2 Kh5 40. Be1 Bc7 41. Bf2 Bb8 42. b5 cxb5 43. cxb5 Kg6 44. b6 Kh5 45. b7 g4 46. hxg4+ fxg4 47. Ke4 Kg5 48. Bg1 Kh5 49. Bh2 g3 50. Bg1 Kg4 51. Bd4 Bc7 0-1


[Site "https://www.chess.com"]